 Dungeon Crawl Stone Soup version 0.22.1-2-g9c5b331383 (webtiles) character file.

21 Ivernyr the Chiller (level 2, -1/24 HPs)
             Began as a Naga Ice Elementalist on Nov 16, 2018.
             Slain by a frilled lizard (2 damage)
             ... on level 2 of the Dungeon.
             The game lasted 00:06:26 (405 turns).

Ivernyr the Chiller (Naga Ice Elementalist)          Turns: 405, Time: 00:06:27

Health: -1/24      AC:  2    Str: 10    XL:     2   Next: 87%
Magic:  1/5        EV: 10    Int: 15    God:
Gold:   29         SH:  0    Dex: 11    Spells: 2/5 levels left

rFire    . . .     SeeInvis +   (no weapon)
rCold    . . .     Gourm    .   (no shield)
rNeg     . . .     Faith    .   a - +0 robe
rPois    +         Spirit   .   (no helmet)
rElec    .         Reflect  .   (no cloak)
rCorr    .         Harm     .   g - +0 pair of gloves
MR       .....                  (no barding)
Stlth    ++........             (no amulet)
HPRegen  0.08/turn              (no ring)
MPRegen  0.09/turn              (no ring)

@: short of breath, very slightly contaminated, very slow
A: large, see invisible, deformed body, poison resistance, slowness 2, slow
metabolism 1, spit poison 1, AC +0
a: Spit Poison


You were on level 2 of the Dungeon.
You were not hungry.

You visited 1 branch of the dungeon, and saw 2 of its levels.

You collected 29 gold pieces.

Inventory:

Armour
 a - a +0 robe (worn)
 g - a +0 pair of gloves (worn)
Scrolls
 b - a scroll of magic mapping {unknown}
 d - 3 scrolls of teleportation {unknown}
 f - a scroll of identify {unknown}
Potions
 e - a potion of agility {unknown}
Comestibles
 c - 2 rations


   Skills:
 + Level 0.9 Fighting
 - Level 1.5 Dodging
 - Level 3.0 Stealth
 + Level 2.2 Spellcasting
 + Level 1.2 Conjurations
 * Level 3.4 Ice Magic


You had 2 spell levels left.
You knew the following spells:

 Your Spells              Type           Power        Failure   Level  Hunger
a - Freeze                Ice            ##..         5%          1    #......
b - Throw Frost           Conj/Ice       #.....       12%         2    ###....

Your spell library contained the following spells:

 Spells                   Type           Power        Failure   Level  Hunger
 Ozocubu's Armour         Chrm/Ice       #.......     32%         3    ###....
 Throw Icicle             Conj/Ice       #.......     63%         4    #####..
 Summon Ice Beast         Ice/Summ       #.......     71%         4    #####..


Dungeon Overview and Level Annotations

Branches:
Dungeon (1/15)

Altars:


Innate Abilities, Weirdness & Mutations

You cannot wear boots.
Your serpentine skin is tough. (AC +0)
You have supernaturally acute eyesight. (SInv)
Armour fits poorly on your strangely shaped body.
Your system is resistant to poisons. (rPois)
You cover ground very slowly.
You have a slow metabolism.
You can spit poison.


Message History

The rat is severely wounded.
The kobold hits you.
* * * LOW HITPOINT WARNING * * *
The rat closely misses you. The frilled lizard barely misses you.
Press: ? - help, Shift-Dir - straight line, f - kobold, p - rat
Aim: a kobold The splash of poison misses the kobold.
You feel slightly more hungry. The kobold barely misses you. The rat bites you.
* * * LOW HITPOINT WARNING * * *
The frilled lizard closely misses you.
You closely miss the rat.
The rat is severely wounded.
The kobold barely misses you. The rat bites you.
* * * LOW HITPOINT WARNING * * *
The frilled lizard bites you.
* * * LOW HITPOINT WARNING * * *
You hit the rat.
You kill the rat!
The kobold hits you but does no damage. The frilled lizard bites you.
You die...

..[..........#
........#...#
..........#
........# .
......##.# .
...[.....
....###.†......
.....bl@†...#
......K.#......
##....... ..(.#
.......... ##.#
........##. #
......... ..
.....##.# ..
..... #.. ..


You could see a bat, a kobold and a frilled lizard.

Vanquished Creatures
  An adder (D:2)
  A giant cockroach (D:1)
  2 goblins (D:1)
  2 jackals (D:1)
  3 bats (D:1)
  A frilled lizard (D:1)
  3 kobolds (D:1)
  A rat (D:2)
14 creatures vanquished.

Notes
Turn   | Place    | Note
-------+----------+-------------------------------------------
     0 | D:1      | Ivernyr the Naga Ice Elementalist began the quest for the
                  | Orb.
     0 | D:1      | Reached XP level 1. HP: 15/15 MP: 3/3
   242 | D:1      | Reached XP level 2. HP: 24/24 MP: 3/5
   267 | D:1      | Learned a level 2 spell: Throw Frost
   391 | D:1      | You fall through a shaft!
   404 | D:2      | HP: 1/24 [frilled lizard (3)]
   405 | D:2      | Slain by a frilled lizard

Action                   || total
-------------------------++-------
Melee: Unarmed           ||     4
 Cast: Freeze            ||    11
 Abil: Spit Poison       ||    13
Armor: Robe              ||     4
Dodge: Dodged            ||    10
